 Dungeon Crawl Stone Soup version 0.31-a0-102-g33a4ccc0cb (webtiles) character file.

Game seed: 11761868835664461003

1 ytrimaz the Caller (level 1, -1/7 HPs)
             Began as a Felid Summoner on May 26, 2023.
             Slain by a jackal (2 damage)
             ... on level 1 of the Dungeon.
             The game lasted 00:00:22 (27 turns).

ytrimaz the Caller (Felid Summoner)                   Turns: 27, Time: 00:00:23

Health: -1/7       AC:  1    Str:  4    XL:     1   Next: 16%
Magic:  2/4        EV: 17    Int: 16    God:
Gold:   0          SH:  0    Dex: 16    Spells: 3/4 levels left
                                        Lives:  0   Deaths: 0

rFire   . . .        (weapon unavailable)
rCold   . . .        (shield unavailable)
rNeg    . . .        (body armour unavailable)
rPois   .            (helmet unavailable)
rElec   .            (cloak unavailable)
rCorr   .            (gloves unavailable)
SInv    +            (boots unavailable)
Will    .....        (no amulet)
Stlth   ++           (no ring)
HPRegen 0.21/turn    (no ring)
MPRegen 0.09/turn

%: no passive effects
@: quick
A: very small, claws 1, fangs 3, see invisible, speed 1, shaggy fur 1, stealthy
paws, no weapons or thrown items, no armour, multi-lived
a: no special abilities


You were on level 1 of the Dungeon.
You visited 1 branch of the dungeon, and saw 1 of its levels.


Innate Abilities, Weirdness & Mutations

You have sharp claws.
You have razor-sharp teeth.
You have supernaturally acute eyesight. (SInv)
You cover ground quickly. (Speed+)
You are covered in fur. (AC +1)
Your paws help you pounce on unaware monsters.
You are incapable of wielding weapons or throwing items.
You cannot wear armour.
You gain extra lives every three experience levels.


   Skills:
 + Level 2.7 Dodging
 - Level 2.6 Stealth
 * Level 2.0 Spellcasting
 * Level 4.0 Summonings


You had 3 spell levels left.
You knew the following spells:

 Your Spells              Type           Power      Damage    Failure   Level
a - Summon Small Mammal   Summ           56%        N/A       4%          1

Your spell library contained the following spells:

 Spells                   Type           Power      Damage    Failure   Level
 Call Imp                 Summ           28%        N/A       6%          2
 Call Canine Familiar     Summ           14%        N/A       12%         3
 Summon Guardian Golem    Hex/Summ       7%         N/A       30%         3
 Summon Lightning Spire   Summ/Air       7%         N/A       69%         4

Inventory:

Potions
 a - a potion of magic

Dungeon Overview and Level Annotations

Branches:
Dungeon (1/15) Zot: 5974

Altars:

###
##.######
#.#@hb#.#
#<###.h##
##..###.#
#.#.###†.#
.## ..
.#..# #.
#.## .# ##
# .. .. .


You could see 2 jackals and a friendly bat (summoned).


Message History

✅ Successfully initialized magus.rc [v1.9.6] Welcome, ytrimaz the Felid Summoner.
They say the Orb of Zot lies within this dungeon, but they say a lot of things.
Press ? for a list of commands and other information.
Found a staircase leading out of the dungeon.
There is a staircase leading out of the dungeon here.
A jackal comes into view.
A jackal is nearby!
A jackal is nearby!
A jackal is nearby! 😎 MP[-1]
You lost 1 mp, and now have 3/4 mp.
The jackal barks!
You hear a bark!
A jackal comes into view. 😎 MP[-1]
You lost 1 mp, and now have 2/4 mp.
Unknown command.
Your bat closely misses the jackal.
The jackal barely misses your bat.
Your bat misses the jackal.
A jackal comes into view.
Your bat hits the jackal but does no damage.
The jackal moves out of view.
Your bat closely misses the jackal.
You barely miss the jackal.
Your bat hits the jackal but does no damage.
The jackal misses your bat.
Your bat hits the jackal but does no damage.
The jackal bites you. The jackal closely misses your bat.
Your bat barely misses the jackal.
The jackal bites you. 😮 HP[-3]
You take 3 damage, and now have 4/7 hp.
MASSIVE DAMAGE!! (PAUSE)
You barely miss the jackal.
Your bat closely misses the jackal.
The jackal closely misses you.
Your bat hits the jackal. You closely miss the jackal.
Your bat closely misses the jackal.
Your bat hits the jackal but does no damage.
The jackal bites you.
* * * LOW HITPOINT WARNING * * *
Your bat barely misses the jackal. 😨 HP[-2]
You take 2 damage, and now have 2/7 hp.
MASSIVE DAMAGE!! (PAUSE)
You swap places.
Your bat hits the jackal. The jackal completely misses your rat.
The jackal barely misses your bat.
Your bat barely misses the jackal.
Your rat bites the jackal.
The jackal closely misses your rat. The jackal closely misses your bat.
Your bat closely misses the jackal. x2; The jackal closely misses your bat.
The jackal barely misses your rat.
Your rat misses the jackal.
Your bat hits the jackal but does no damage.
The jackal misses something.
The jackal closely misses your rat. 😨 HP[+1]
There are monsters nearby!
Your rat bites the jackal.
The jackal dies!
An endoplasm comes into view.
Your bat closely misses the jackal.
The jackal bites your rat.
Your rat misses the jackal. The endoplasm barely misses your bat.
The jackal closely misses your rat. 😨 MP[+1]
Casting: Summon Small Mammal (safe; 4% risk of failure)
Press: ? - help, Q - select action Dir - look around, f - activate Your rat disappears in a puff of smoke!
Something closely misses your bat. 😨 MP[-1]
You lost 1 mp, and now have 2/4 mp.
Your bat barely misses the jackal.
Your bat closely misses the jackal.
Something closely misses your bat.
Your rat misses the jackal.
Your bat barely misses the jackal.
Your bat hits the jackal but does no damage.
The jackal bites your rat. The jackal barely misses your bat.
Your bat misses the jackal. The jackal bites your rat.
Your rat dies!
Your rat's corpse disappears in a puff of smoke! 😮 HP[+1]
Your bat barely misses the jackal.
Your bat closely misses the jackal.
The jackal barely misses your bat. The jackal bites your bat.
You scratch the jackal but do no damage.
You bite the jackal.
Your bat barely misses the jackal.
The jackal barely misses you. The jackal misses your bat.
The jackal closely misses you.
You scratch the jackal but do no damage.
Your bat hits the jackal but does no damage.
The jackal bites your bat but does no damage.
The jackal bites you.
* * * LOW HITPOINT WARNING * * *
😨 HP[-1]
You take 1 damage, and now have 3/7 hp.
You miss the jackal.
Your bat barely misses the jackal.
The jackal bites you.
* * * LOW HITPOINT WARNING * * *
Your bat hits the jackal. The jackal barely misses your bat.
The jackal bites you.
* * * LOW HITPOINT WARNING * * *
😱 HP[-2]
You take 2 damage, and now have 1/7 hp.
MASSIVE DAMAGE!! (PAUSE)
You scratch the jackal. Your claw misses the jackal.
Your bat closely misses the jackal.
Your bat barely misses the jackal. x2
The jackal barely misses your bat. The jackal bites you.
You die...

Action                     || total
---------------------------++-------
  Melee: Unarmed           ||     7
         Bite              ||     1
   Cast: Summon Small Mamm ||     3
  Dodge: Dodged            ||     3

Levels and vault maps discovered:
D:1:      erik_arrival_cave_to_civilisation [erik_arrival_cave_to_hall],
          layout_basic, ebering_ecumenical_altar_box

Notes
Turn   | Place    | Note
-------+----------+-------------------------------------------
     0 | D:1      | ytrimaz the Felid Summoner began the quest for the Orb.
     0 | D:1      | Reached XP level 1. HP: 7/7 MP: 4/4
     0 | D:1      | magus.rc [v1.9.6]
    26 | D:1      | HP: 1/7 [jackal (2)]
    27 | D:1      | Slain by a jackal

Vanquished Creatures (collateral kills)
  A jackal (D:1)
1 creature vanquished.

Table legend:
 A = Non-vault XP
 B = Vault XP
 C = Vault XP percentage of total XP
 D = Non-vault monster count
 E = Vault monster count
 F = Vault count percentage of total count
                 A         B        C        D         E       F
            +---------+---------+-------+---------+---------+-------
      Total |       2 |       0 |   0.0 |       1 |       0 |   0.0
            +---------+---------+-------+---------+---------+-------
        D:1 |       2 |       0 |   0.0 |       1 |       0 |   0.0
            +---------+---------+-------+---------+---------+-------

Action                     || total
---------------------------++-------
  Melee: Unarmed           ||     7
         Bite              ||     1
   Cast: Summon Small Mamm ||     3
  Dodge: Dodged            ||     3

Illustrated notes

Table legend:
 A = Kills in this place as a percentage of kills in the entire game.
 B = Kills by you in this place as a percentage of kills by you in the entire game.
 C = Kills by friends in this place as a percentage of kills by friends in the entire game.
 D = Other kills in this place as a percentage of other kills in the entire game.
 E = Experience gained in this place as a percentage of experience gained in the entire game.
 F = Experience gained in this place divided by the number of levels of this place that you have seen.
                   A       B       C       D       E      F
               +-------+-------+-------+-------+-------+----------------------
         Total | 100.0 |   N/A | 100.0 |   N/A | 100.0 |   2.0
       Dungeon | 100.0 |   N/A | 100.0 |   N/A | 100.0 |   2.0
               +-------+-------+-------+-------+-------+----------------------

Table legend: (Time is in decaauts)
 A = Elapsed time spent in this place.
 B = Non-inter-level travel time spent in this place.
 C = Inter-level travel time spent in this place.
 D = Time resting spent in this place.
 E = Time spent auto-exploring this place.
 F = Levels seen in this place.
 G = Mean time per level.
                   A        B        C        D        E       F      G
               +--------+--------+--------+--------+--------+-----+--------+
         Total |     24 |     24 |      0 |      0 |      4 |   1 |   24.0 |
       Dungeon |     24 |     24 |      0 |      0 |      4 |   1 |   24.0 |
               +--------+--------+--------+--------+--------+-----+--------+

Top non-repeatable levels by time:
     D:1: 24 daAuts
